 Dungeon Crawl Stone Soup version 0.23.0-3-gf3c87f2 (webtiles) character file.

Game seed: 4190188921677022955

56 xccam the Insei (level 3, 23/23 HPs)
             Began as an Octopode Transmuter on Feb 21, 2019.
             Was a Follower of Kikubaaqudgha.
             Quit the game on level 2 of the Dungeon.
             The game lasted 00:03:08 (1961 turns).

xccam the Insei (Octopode Transmuter)               Turns: 1961, Time: 00:03:09

Health: 23/23      AC:  1    Str: 10    XL:     3   Next: 95%
Magic:  6/6        EV: 13    Int: 15    God:    Kikubaaqudgha [*.....]
Gold:   61         SH:  0    Dex: 12    Spells: 3/6 levels left

rFire    . . .     SeeInvis .     - Unarmed
rCold    . . .     Gourm    .   (no shield)
rNeg     + . .     Faith    .   (helmet restricted)
rPois    .         Spirit   .   (no amulet)
rElec    .         Reflect  .   i - ring of positive energy
rCorr    .         Harm     .   (no ring)
MR       .....                  (no ring)
Stlth    ++........             (no ring)
HPRegen  0.07/turn              (no ring)
MPRegen  0.10/turn              (no ring)
                                (no ring)
                                (no ring)

@: no status effects
A: almost no armour, stealthy swim, amphibious, 8 rings, constrict 8, camouflage
1, gelatinous body 1
a: Receive Corpses, Renounce Religion


You were on level 2 of the Dungeon.
You worshipped Kikubaaqudgha.
Kikubaaqudgha was aware of your devotion.
You were not hungry.

You visited 1 branch of the dungeon, and saw 2 of its levels.

You collected 61 gold pieces.

Inventory:

Missiles
 a - 12 arrows
Jewellery
 i - a ring of positive energy (left tentacle)
Scrolls
 d - a scroll of immolation {unknown}
 f - a scroll of enchant weapon {unknown}
 h - a scroll of identify {unknown}
 l - a scroll of teleportation {unknown}
 m - a scroll of remove curse {unknown}
Potions
 b - 2 potions of curing
 e - a potion of berserk rage
 g - a potion of haste
 j - 2 potions of lignification {unknown}
 k - a potion of agility {unknown}
Comestibles
 c - 5 rations


   Skills:
 - Level 1.0 Fighting
 - Level 2.0 Dodging
 + Level 4.5 Unarmed Combat
 - Level 2.0 Spellcasting
 + Level 2.3 Transmutations


You had 3 spell levels left.
You knew the following spells:

 Your Spells              Type           Power        Failure   Level  Hunger
a - Beastly Appendage     Tmut           #.....       9%          1    #......
b - Sticks to Snakes      Tmut           #.......     13%         2    ###....

Your spell library contained the following spells:

 Spells                   Type           Power        Failure   Level  Hunger
 Animate Skeleton         Necr           N/A          22%         1    #......
 Pain                     Necr           #...         22%         1    #......
 Sublimation of Blood     Necr           #.........   32%         2    ###....
 Spider Form              Tmut/Pois      #.........   38%         3    ###....
 Vampiric Draining        Necr           #.........   54%         3    ###....
 Ice Form                 Ice/Tmut       #.......     80%         4    #####..
 Blade Hands              Tmut           #.........   93%         5    ######.


Dungeon Overview and Level Annotations

Branches:
Dungeon (2/15)

Altars:
Cheibriados
Dithmenos
Fedhas
Kikubaaqudgha
Zin

Annotations:
D:2 1 runed translucent door, Crazy Yiuf


Innate Abilities, Weirdness & Mutations

You cannot wear most types of armour.
You are very stealthy in the water. (Stealth+)
You are amphibious.
You can wear up to eight rings at the same time.
You can use your tentacles to constrict eight enemies at once.
Your skin changes colour to match your surroundings (Stealth+).
Your rubbery body absorbs attacks. (AC +1, EV +1)


Message History

This raw flesh tastes terrible.
You are no longer berserk.
You are exhausted.
You feel yourself slow down.
You start resting.
Your extra speed is starting to run out.
You start resting.
You feel yourself speed up.
You start resting.
You feel yourself slow down.
Okay, then.
You start resting.
You recover from your berserk rage.
You start resting.
HP restored.
Things that are here:
a +0 short sword; a kobold corpse
Found a snail-covered altar of Cheibriados.
Found a shadowy altar of Dithmenos.
Are you sure you want to abandon this character and quit the game? (Confirm with "yes".)

######### ## #.......# ##.
#.......# #####.# #########
#.......####....##
.....÷)(#####
######.....##.###.#
#######.#_#.###.#_##...#.##.#
##. #.8.#.#.#.#.##...#.##.#
#.
#.).........##...#.##.####.
#.........@.###............
##8.#.#.#.#..##.##.)#####..
##.#_#####_###.##..# #.#
############..##..#####.#
#.#......#.............
##.#####....###.####..# ###
##.#.# #.# #..# #†#.# #.#
#÷.. #.#.###.# #.##


There were no monsters in sight!

Vanquished Creatures
  An adder (D:2)
  An ooze (D:1)
  6 leopard geckos
  2 giant cockroaches
  4 goblins
  3 hobgoblins (D:2)
  8 kobolds
  A ball python (D:2)
  6 bats
  4 rats
36 creatures vanquished.

Notes
Turn   | Place    | Note
-------+----------+-------------------------------------------
     0 | D:1      | xccam the Octopode Transmuter began the quest for the Orb.
     0 | D:1      | Reached XP level 1. HP: 13/13 MP: 3/3
    84 | D:1      | Reached XP level 2. HP: 18/18 MP: 5/5
   411 | D:1      | Reached skill level 4 in Unarmed Combat
   595 | D:1      | Reached XP level 3. HP: 23/23 MP: 6/6
  1242 | D:2      | Found a runed translucent door.
  1243 | D:2      | Noticed Crazy Yiuf
  1293 | D:2      | Learned a level 2 spell: Sticks to Snakes
  1326 | D:2      | Found a faded altar of an unknown god.
  1374 | D:2      | Became a worshipper of Kikubaaqudgha
  1374 | D:2      | Reached * piety under Kikubaaqudgha
  1374 | D:2      | Identified Kikubaaqudgha's Guide on Black Magic
                  | (Kikubaaqudgha gifted it to you on level 2 of the Dungeon)
  1374 | D:2      | Received a gift from Kikubaaqudgha
  1756 | D:2      | Found a glowing silver altar of Zin.
  1759 | D:2      | Found a blossoming altar of Fedhas.
  1773 | D:2      | HP: 1/23 [leopard gecko (5)]
  1959 | D:2      | Found a snail-covered altar of Cheibriados.
  1960 | D:2      | Found a shadowy altar of Dithmenos.
  1961 | D:2      | Quit the game

Skill      XL: |  1  2 |
---------------+-------+-----
Unarmed Combat | 4 |  4.5
Fighting       | |  1.0
Dodging        | |  2.0
Spellcasting   | |  2.0
Transmutations | |  2.3

Action                   || total
-------------------------++-------
Melee: Unarmed           ||    76
       Tentacles         ||    15
       Constrict         ||    18
 Cast: Beastly Appendage ||     1
  Use: Potion            ||     4
 Stab: Sleeping          ||     8
  Eat: Chunk             ||     3
Armor: Skin              ||     9
Dodge: Dodged            ||    52
